Map: King's Cove LE

Players

Cham

  • Race: Zerg Zerg
  • Spawn Location: 5:00

goblin - Winner!

  • Race: Protoss Protoss
  • Spawn Location: 11:00

Event: 2019 WCS Spring

VOD

Have the link to the VOD?

Description

Time

  • Played on: May 17, 2019, 12:17 p.m.
  • Length: 10:27

All games in this series

Show
View Real Time Build Order
Export as new Build Order

Cham Zerg 

Build Orders: Hatch First 

Get SALT Encoding   

  12  0:01  Drone  
  13  0:09  Drone  
  14  0:18  Overlord  
  14  0:36  Drone x2  
  16  0:50  Hatchery  
  16  0:53  Drone  
  16  0:58  Drone  
  16  1:00  Drone  
  18  1:12  Extractor  
  18  1:16  Spawning Pool  
  16  1:19  Drone  
  16  1:23  Drone  
  18  1:30  Drone  
  19  1:43  Drone  
  20  1:53  Overlord  
  20  2:02  Queen x2  
  20  2:04  Zergling x4  
  26  2:13  Metabolic Boost  
  26  2:16  Drone  
  26  2:17  Drone  
  28  2:25  Drone x2  
  30  2:40  Hatchery  
  29  2:45  Drone x2  
  31  2:56  Overlord  
  31  2:59  Overlord  
  31  3:14  Queen  
  31  3:16  Drone  
  31  3:17  Drone x3  
  31  3:18  Drone x2  
  38  3:21  Drone x2  
  38  3:25  Drone x2  
  42  3:27  Drone  
  42  3:31  Overlord  
  43  3:34  Overlord  
  43  3:42  Roach Warren  
  43  3:43  Zergling x2  
  43  3:45  Zergling x2  
  44  3:50  Overlord  
  44  3:58  Drone x3, Extractor  
  44  3:59  Extractor  
  44  4:00  Drone  
  44  4:01  Drone x2  
  48  4:04  Overlord  
  48  4:08  Drone x2  
  48  4:09  Zergling x2  
  51  4:10  Zergling x2  
  51  4:13  Zergling x2  
  53  4:21  Zergling x4  
  55  4:25  Lair  
  55  4:28  Spore Crawler  
  55  4:29  Spore Crawler  
  55  4:30  Drone  
  54  4:32  Drone  
  54  4:34  Drone  
  54  4:36  Drone  
  54  4:38  Drone  
  58  4:42  Zergling x4  
  58  4:45  Zergling x6  
  62  4:50  Drone x2  
  62  4:51  Drone  
  65  4:55  Zergling x2  
  65  4:58  Drone, Spore Crawler  
  65  4:59  Zergling x2  
  67  5:01  Drone  
  67  5:03  Drone  
  67  5:05  Drone, Zergling x2  
  71  5:10  Drone x3  
  71  5:12  Overlord  
  73  5:14  Drone  
  74  5:23  Evolution Chamber  
  74  5:24  Drone x3, Extractor  
  74  5:25  Drone  
  76  5:33  Drone, Overlord  
  76  5:34  Drone x6  
  82  5:42  Roach x2  
  84  5:45  Extractor  
  84  5:47  Roach x2, Glial Reconstitution  
  87  5:50  Roach  
  87  5:56  Roach  
  91  5:59  Roach  
  91  6:04  Roach x4  
  91  6:05  Overseer  
  91  6:07  Roach  
  91  6:10  Roach x2  
  94  6:16  Roach x2  
  94  6:18  Roach  
  97  6:19  Roach  
  94  6:25  Roach  
  94  6:26  Roach x2  
  94  6:28  Overlord  
  94  6:30  Roach  
  96  6:39  Zerg Missile Weapons Level 1  
  96  6:40  Overlord  
  96  6:46  Hatchery, Queen  
  97  6:53  Drone x3  
  100  6:55  Overlord  
  100  6:59  Roach  
  100  7:01  Roach  
  100  7:02  Roach  
  100  7:03  Roach  
  100  7:12  Roach x3  
  100  7:14  Roach  
  110  7:15  Roach  
  110  7:24  Overlord  
  110  7:29  Roach  
  114  7:30  Roach  
  114  7:31  Roach  
  114  7:35  Nydus Network  
  114  7:36  Overlord x2  
  115  7:40  Overlord  
  115  7:46  Overlord x2  
  115  7:49  Ravager x3  
  115  7:50  Ravager x2  
  115  7:51  Ravager x2  
  122  7:53  Roach  
  122  7:55  Overlord  
  124  7:59  Roach  
  124  8:00  Roach  
  124  8:05  Roach  
  130  8:07  Roach x2  
  130  8:12  Nydus Canal  
  134  8:13  Roach x2  
  134  8:19  Roach x3  
  142  8:25  Roach x3  
  142  8:26  Roach  
  146  8:29  Roach  
  146  8:33  Roach  
  150  8:35  Roach  
  150  8:37  Roach x3  
  150  8:40  Roach  
  160  8:42  Roach  
  160  8:44  Ravager  
  153  9:00  Roach  
  153  9:01  Roach x3  
  130  9:05  Roach x3  
  130  9:06  Roach x2  
  130  9:09  Roach  
  116  9:13  Roach  
  94  9:20  Roach x2  
  84  9:24  Roach  
  84  9:26  Roach  
  84  9:30  Roach  
  88  9:37  Roach  
  78  9:43  Roach  
  80  9:48  Roach  
  80  9:49  Ravager x2  
  84  9:53  Roach  
  84  9:55  Nydus Canal  
  84  9:56  Roach  
  84  10:04  Roach  
  82  10:08  Roach  
Show
View Real Time Build Order
Export as new Build Order

goblin Protoss - Winner!

Build Orders: 1 Gate Expand, Archon Immortal, Dark Templar Rush 

Get SALT Encoding   

  12  0:00  Probe  
  13  0:12  Probe  
  14  0:18  Pylon  
  14  0:24  Probe  
  15  0:32  Probe  
  15  0:39  Gateway  
  15  0:40  Probe  
  16  0:47  Assimilator  
  17  0:51  Probe  
  18  1:03  Probe  
  19  1:21  Nexus  
  19  1:25  Probe  
  20  1:35  Cybernetics Core  
  20  1:38  Probe  
  21  1:45  Assimilator  
  21  1:50  Probe  
  22  1:54  Pylon  
  22  2:01  Probe  
  22  2:02  Stalker  
  23  2:09  Probe  
  26  2:17  Robotics Facility, Probe  
  27  2:26  Warp Gate  
  27  2:29  Probe  
  28  2:30  Probe  
  29  2:37  Adept  
  29  2:38  Probe  
  29  2:41  Probe  
  33  2:48  Probe  
  34  2:53  Probe  
  34  2:57  Immortal  
  35  3:00  Probe  
  35  3:05  Probe  
  42  3:12  Probe  
  42  3:18  Twilight Council, Probe  
  43  3:24  Pylon, Probe  
  43  3:26  Warp Prism  
  44  3:39  Gateway  
  46  3:42  Probe x2  
  48  3:49  Pylon  
  48  3:54  Dark Shrine, Immortal, Probe x2  
  50  4:09  Gateway  
  54  4:13  Gateway  
  54  4:21  Pylon  
  54  4:22  Assimilator  
  54  4:24  Assimilator  
  54  4:25  Zealot  
  54  4:27  Probe  
  54  4:29  Probe  
  58  4:33  Adept  
  58  4:37  Observer  
  61  4:40  Probe  
  61  4:45  Pylon  
  62  4:49  Probe  
  62  4:52  Nexus  
  63  4:55  Probe  
  64  5:05  Probe  
  65  5:07  Probe  
  66  5:17  Charge, Dark Templar x4  
  74  5:21  Probe x2  
  74  5:24  Pylon  
  76  5:38  Immortal  
  76  5:49  Probe x2  
  82  5:50  Zealot x2  
  86  5:57  Pylon  
  86  6:03  Probe  
  85  6:12  Zealot  
  85  6:13  Zealot x2  
  85  6:16  Immortal  
  91  6:22  Observer  
  91  6:23  Probe x2  
  93  6:26  Probe  
  93  6:28  Gateway  
  93  6:31  Pylon, Gateway  
  96  6:38  Sentry  
  96  6:39  Sentry x2  
  100  6:46  Probe  
  100  6:47  Probe x2  
  100  6:48  Observer  
  103  6:54  Probe  
  103  6:55  Probe x2  
  103  7:00  Pylon  
  106  7:02  Pylon  
  106  7:03  Probe x2  
  108  7:10  Probe  
  108  7:12  Zealot x4, Immortal  
  117  7:19  Pylon  
  117  7:20  Pylon  
  121  7:26  Stargate  
  121  7:27  Stargate  
  121  7:38  Gateway  
  121  7:41  Archon, Gateway  
  121  7:43  Gateway  
  121  7:44  Dark Templar  
  123  7:45  Gateway  
  123  7:48  Pylon  
  123  7:52  Archon  
  123  7:57  Zealot, Sentry x3  
  123  7:58  Zealot  
  133  8:01  Pylon  
  133  8:23  Immortal  
  133  8:25  Zealot x3  
  133  8:26  Zealot x3  
  145  8:27  Gateway x2  
  146  8:38  Gateway  
  146  8:39  Pylon, Dark Templar  
  146  8:40  Dark Templar  
  146  9:01  Zealot x3  
  146  9:02  Zealot x2  
  122  9:11  Pylon x2  
  122  9:14  Zealot  
  122  9:15  Zealot  
  100  9:25  Pylon  
  100  9:26  Zealot x4  
  100  9:27  Zealot x3  
  100  9:28  Pylon  
  100  9:30  Warp Prism  
  100  9:31  Observer  
  104  9:41  Pylon  
  100  9:46  Dark Templar x2  
  100  9:47  Zealot x2, Dark Templar x2  
  100  9:50  Archon  
  100  9:51  Archon  
  112  9:55  Zealot x2  
  112  9:56  Zealot x3  
  118  10:01  Probe  
  118  10:03  Pylon  
  118  10:05  Zealot, Dark Templar  
  115  10:19  Zealot  
  115  10:20  Zealot x6  
  121  10:26  Zealot x2  
Tags
 
Add a new tag
Caveats
  • Supply blocks, unpowered buildings, or Contaminate may cause inaccurate times.
  • Supply counts are checked every 10 seconds.